 Dungeon Crawl Stone Soup version 0.27.1-3-gb3d3a73c9e (webtiles) character file.

Game seed: 11144777534787520315

292 Trumpetguy the Skirmisher (level 6, 0/47 HPs)
             Began as a Demonspawn Hedge Wizard on Oct 7, 2021.
             Was an Initiate of Gozag.
             Slain by an ogre (16 damage)
             ... on level 4 of the Dungeon.
             The game lasted 00:37:39 (6129 turns).

Trumpetguy the Skirmisher (Demonspawn Hedge Wizard) Turns: 6129, Time: 00:37:46

Health: 0/47       AC:  2    Str: 10    XL:     6   Next: 10%
Magic:  10/10      EV: 12    Int: 17    God:    Gozag
Gold:   48         SH:  0    Dex: 13    Spells: 8/11 levels left

rFire    . . .     SeeInvis .   l - +2 mace (vorpal)
rCold    . . .     Faith    .   (no shield)
rNeg     . . .     Spirit   .   b - +0 robe
rPois    .         Reflect  .   c - +0 hat
rElec    .         Harm     .   (no cloak)
rCorr    .         Rampage  .   (no gloves)
Will     .....                  (no boots)
Stlth    ++........             (no amulet)
HPRegen  0.15/turn              (no ring)
MPRegen  0.12/turn              (no ring)

@: no status effects
A: antennae 1, spiny 1
a: Renounce Religion, Potion Petition, Call Merchant, Bribe Branch


You were on level 4 of the Dungeon.
You worshipped Gozag.
Gozag was noncommittal.
You visited 2 branches of the dungeon, and saw 6 of its levels.

You collected 150 gold pieces.
You paid 102 gold pieces to Gozag.

Inventory:

Hand Weapons
 a - a +0 dagger
 l - a +2 vorpal mace (weapon)
 m - a +2 mace of protection
Armour
 b - a +0 robe (worn)
 c - a +0 hat (worn)
 i - a +0 scale mail
 j - a +0 leather armour
Scrolls
 d - a scroll of blinking {unknown}
 f - 4 scrolls of magic mapping {unknown}
 k - 2 scrolls of identify {unknown}
 n - a scroll of enchant armour {unknown}
 o - a scroll of teleportation {unknown}
 q - a scroll of noise {unknown}
Potions
 e - a potion of flight {unknown}
 g - a potion of haste {unknown}
 h - 2 potions of heal wounds {unknown}
 p - a potion of curing {unknown}
 r - a potion of mutation {unknown}


   Skills:
 * Level 3.3 Fighting
 - Level 2.4 Dodging
 - Level 3.0 Stealth
 - Level 3.0 Spellcasting
 - Level 1.0 Conjurations
 + Level 1.9 Hexes
 - Level 1.0 Summonings
 + Level 2.7 Translocations


You had 8 spell levels left.
You knew the following spells:

 Your Spells              Type           Power      Damage    Failure   Level
a - Magic Dart            Conj           24%        1d4       12%         1
b - Blink                 Tloc           N/A        N/A       9%          2

Your spell library contained the following spells:

 Spells                   Type           Power      Damage    Failure   Level
 Apportation              Tloc           22%        N/A       5%          1
 Slow                     Hex            9%         N/A       12%         2
 Call Imp                 Summ           6%         N/A       17%         2
 Conjure Flame            Conj/Fire      4%         6-21      38%         3
 Mephitic Cloud           Conj/Pois/Air  3%         N/A       41%         3
 Iskenderun's Battlesphe  Conj           6%         2d6       97%         5
 Fireball                 Conj/Fire      2%         3d4       98%         5
 Alistair's Intoxication  Tmut/Pois      1%         N/A       99%         5
 Conjure Ball Lightning   Conj/Air       2%         3x3d6     100%        6
 Invisibility             Hex            4%         N/A       100%        6
 Orb of Destruction       Conj           3%         9d1       100%        7
 Borgnjor's Revivificati  Necr           1%         N/A       100%        8
 Necromutation            Tmut/Necr      1%         N/A       100%        8
 Death's Door             Necr           1%         N/A       100%        9


Dungeon Overview and Level Annotations

Branches:
Dungeon (5/15)             Temple (1/1) D:4

Altars:
Ashenzari
Cheibriados
Dithmenos
Elyvilon
Gozag
Hepliaklqana
Kikubaaqudgha
Makhleb
Nemelex Xobeh
Qazlal
Trog
Vehumet
Wu Jian
Xom
Yredelemnul

Annotations:
D:2 Purgy
D:3 Sigmund
D:5 2 exclusions, Edmund, Menkaure


Innate Abilities, Weirdness & Mutations

You have a pair of small antennae on your head.
You are partially covered in sharp spines.


Message History

Edmund the Younger comes into view.
He is wielding a +0 dire flail of draining.
Press: ? - help, v - describe, . - travel
Here: Edmund, wielding a +0 dire flail of draining and wearing a +0 ring mail (asleep)
The floor.
Unknown command.
Press: ? - help, v - describe, . - travel
Here: Edmund, wielding a +0 dire flail of draining and wearing a +0 ring mail (asleep)
The floor.
Unknown command.
Found 13 gold pieces.
Found a stone staircase leading down.
A gnoll comes into view. It is wielding a +0 whip.
You see here 13 gold pieces.
There is a stone staircase leading up here.
You climb upwards.
There is a stone staircase leading down here.
You hit the quokka skeleton.
The quokka skeleton is severely damaged.
The quokka skeleton is struck by your spines.
You destroy the quokka skeleton!
You now have 48 gold pieces (gained 5).
Things that are here:
2 stones; a +0 dagger
f - 4 scrolls labelled PAUFOI QATEAMM (gained 1)
Casting: Magic Dart (safe; 12% risk of failure)
Confirm with . or Enter, or press ? or * to list all spells.
Okay, then.
Press: ? - help, v - describe, . - travel The floor.
Press: ? - help, v - describe, . - travel
Here: an ogre, wielding a +0 giant club (wandering, hasn't noticed you)
The floor.
The ogre shouts!
You hit the ogre.
The ogre is moderately wounded.
The ogre hits you with a +0 giant club!!
Ouch! That really hurt!
The ogre is struck by your spines. The ogre hits you with a +0 giant club!
You die...
Your body crumbles into a pile of gold.

.. $ #. #. #. #.......#
## #.######.......#
....##.......(......#
......O!#...........#
#@...##.......#
#....##.......# $
#######.$####.......#
#........####.# #######
.##.###.........#
##.....#
........#..#.####
#......> .##.##..#..#.##
#..#.... #######
#.##..#.....#####..#.#..
#8...8#
#.......##...........#..


You could see an ogre.

Vanquished Creatures
  A scorpion (D:4)
  A hound (D:5)
  Terence (D:2)
  Robin (D:2)
  7 adders
  An adder zombie (D:5)
  A worm (D:3)
  5 dart slugs
  2 orcs
  12 ball pythons
  6 bats
  2 endoplasms
  A giant cockroach (D:3)
  12 goblins
  6 hobgoblins
  3 jackals (D:3)
  2 quokkas (D:1)
  2 frilled lizards (D:2)
  7 kobolds
  A quokka skeleton (D:4)
  19 rats
93 creatures vanquished.

Vanquished Creatures (others)
  5 plants
5 creatures vanquished.

Grand Total: 98 creatures vanquished

Notes
Turn   | Place    | Note
-------+----------+-------------------------------------------
     0 | D:1      | Trumpetguy the Demonspawn Hedge Wizard began the quest for
                  | the Orb.
     0 | D:1      | Reached XP level 1. HP: 13/13 MP: 4/4
   262 | D:1      | Reached skill level 1 in Translocations
   462 | D:1      | Gained mutation: You have a pair of small antennae on your
                  | head. [demonic ancestry]
   462 | D:1      | Reached XP level 2. HP: 20/20 MP: 6/6
   953 | D:1      | Found a faded altar of an unknown god.
  1125 | D:1      | Learned a level 2 spell: Blink
  1427 | D:1      | Reached XP level 3. HP: 25/25 MP: 4/7
  1994 | D:2      | Noticed Robin
  1994 | D:2      | Noticed Terence
  2365 | D:2      | Reached skill level 1 in Fighting
  3134 | D:2      | Killed Robin
  3135 | D:2      | Reached XP level 4. HP: 25/32 MP: 1/8
  3371 | D:2      | Killed Terence
  3952 | D:3      | Noticed Sigmund
  4152 | D:3      | Noticed Purgy
  4861 | D:3      | Gained mutation: You are partially covered in sharp spines.
                  | [demonic ancestry]
  4861 | D:3      | Reached XP level 5. HP: 34/38 MP: 7/9
  4866 | D:3      | Reached skill level 1 in Hexes
  5144 | D:4      | Noticed an ogre
  5169 | D:5      | Entered Level 5 of the Dungeon
  5478 | D:4      | Found a staircase to the Ecumenical Temple.
  5486 | Temple   | Entered the Ecumenical Temple
  5597 | Temple   | Became a worshipper of Gozag Ym Sagoz the Greedy
  5844 | D:5      | Reached XP level 6. HP: 42/47 MP: 10/10
  6028 | D:5      | Noticed Menkaure
  6068 | D:5      | Noticed Edmund
  6129 | D:4      | Slain by an ogre

Illustrated notes

Levels and vault maps discovered:
D:1:      wander_arrival_fairy_ring, layout_basic,
          dreamdust_ecumenical_altar_statues, minmay_rat_gold_closets
D:2:      layout_basic, uniq_robin, uniq_terence
D:3:      layout_rooms, minmay_strange_pillars, minmay_shallow_snake_nest,
          uniq_sigmund, uniq_purgy
D:4:      layout_loops_cross, mainiacjoe_overflow_alcove_2,
          minmay_temple_entry_from_below_b
D:5:      kennysheep_windowed_halls, layout_basic, kennysheep_mini_moat,
          kennysheep_little_box, uniq_duvessa, uniq_blork_the_orc,
          uniq_menkaure, uniq_edmund
Temple:   eino_wide_crystal_templ

Skill      XL: |  1  2  3  4  5 |
---------------+----------------+-----
Translocations | 1 2 |  2.7
Stealth        | 2 3 |  3.0
Dodging        | 2 |  2.4
Fighting       | 1 2 3 |  3.3
Hexes          | 1 |  1.9
Spellcasting   | |  3.0
Conjurations   | |  1.0
Summonings     | |  1.0

Action                   |  1- 3 |  4- 6 || total
-------------------------+-------+-------++-------
Melee: Dagger            |    41 |       ||    41
       Mace              |    10 |    69 ||    79
 Cast: Magic Dart        |    76 |    59 ||   135
       Blink             |       |    19 ||    19
 Stab: Sleeping          |     4 |     4 ||     8
Armor: Robe              |    13 |     8 ||    21
Dodge: Dodged            |    35 |    66 ||   101
